 Dungeon Crawl Stone Soup version 0.18.1-48-g4cf74bf (webtiles) character file.

14 MaCx the Magician (level 2, 0/15 HPs)
             Began as a Gargoyle Wizard on Sept 8, 2016.
             Slain by Sigmund
             ... wielding a +0 scythe
              (15 damage)
             ... on level 2 of the Dungeon.
             The game lasted 00:03:43 (1407 turns).

MaCx the Magician (Gargoyle Wizard)                 Turns: 1407, Time: 00:03:43

Health: 0/15       AC:  4    Str: 10    XL:     2   Next: 41%
Magic:  0/6        EV: 11    Int: 18    God:
Gold:   46         SH:  0    Dex:  8    Spells: 1 memorised, 7 levels left

rFire  . . .     SeeInvis .     (no weapon)
rCold  . . .     Gourm    .     a - +0 robe
rNeg   + . .     Faith    .     (no shield)
rPois  ∞         Spirit   .     b - +0 hat
rElec  +         Dismiss  .     (no cloak)
rCorr  .         Reflect  .     (no gloves)
SustAt .         Harm     .     (no boots)
MR     .....                    (no amulet)
Stlth  ++........               (no ring)
                                (no ring)

@: very slightly contaminated, not resistant to hostile enchantments, unstealthy
A: negative energy resistance 1, electricity resistance, unbreathing,
petrification resistance, rot immunity, AC +2
a: no special abilities


You were on level 2 of the Dungeon.
You were not hungry.

You visited 1 branch of the dungeon, and saw 2 of its levels.

You collected 46 gold pieces.

Inventory:

Missiles
 h - 49 stones (quivered)
Armour
 a - a +0 robe (worn)
 b - a +0 hat (worn)
 m - a +0 pair of gloves
Jewellery
 l - an uncursed ring of magical power {unknown}
Scrolls
 e - a scroll of remove curse {unknown}
 g - a scroll of immolation {unknown}
 i - a scroll of teleportation {unknown}
 j - 2 scrolls of identify {unknown}
 n - 2 scrolls of magic mapping {unknown}
Potions
 f - a potion of degeneration {unknown}
Books
 c - a book of Minor Magic

   Spells                             Type                      Level
   a - Magic Dart                     Conjuration                  1
   b - Blink                          Translocation                2
   c - Call Imp                       Summoning                    2
   d - Repel Missiles                 Charms/Air                   2
   e - Slow                           Hexes                        2
   f - Conjure Flame                  Conjuration/Fire             3
   g - Mephitic Cloud                 Conjuration/Poison/Air       3
Comestibles
 d - 2 bread rations
 k - 2 chunks of flesh


   Skills:
 + Level 0.1 Throwing
 - Level 1.5 Dodging
 - Level 2.1 Stealth
 + Level 3.5 Spellcasting
 + Level 1.1 Conjurations
   Level 0.8 Summonings
   Level 0.8 Translocations


You had 7 spell levels left.
You knew the following spells:

 Your Spells              Type           Power        Failure   Level  Hunger
a - Magic Dart            Conj           #...         12%         1    None


Dungeon Overview and Level Annotations

Branches:
Dungeon (2/15)

Altars:

Annotations:
D:2 Sigmund


Innate Abilities, Weirdness & Mutations

You are resistant to torment.
Your stone body is resilient (AC +2).
You are immune to poison.
You resist negative energy.
You are resistant to electric shocks.
You can survive without breathing.
You are immune to petrification.
You are immune to rotting.


Message History

Aim: Sigmund, wielding a scythe and wearing a robe (lightly wounded)
The magic dart hits Sigmund.
Sigmund is lightly wounded.
Casting: Magic Dart
Confirm with . or Enter, or press ? or * to list all spells.
Aiming: Magic Dart
Press: ? - help, Shift-Dir - straight line, f/p - Sigmund
Aim: Sigmund, wielding a scythe and wearing a robe (lightly wounded)
The magic dart hits Sigmund.
Sigmund is moderately wounded.
Sigmund misses you.
Casting: Magic Dart
Confirm with . or Enter, or press ? or * to list all spells.
Aiming: Magic Dart
Press: ? - help, Shift-Dir - straight line, f/p - Sigmund
Aim: Sigmund, wielding a scythe and wearing a robe (moderately wounded)
You miscast Magic Dart.
You smell something strange.
Sigmund hits you with a scythe!
Ouch! That really hurt!
You die...

..........#.####.#####
#.#######.#.........<#
#.# ##.######.#####
#.# #.........#
##.######.)########
.#.........#######
.#..######.......#
.#..# #######.# ....#
#@# #...# #...bg@.#
..>.# #.####### ###.#
#.# #.# .# .#


You could see Sigmund, a hobgoblin and a bat.

Vanquished Creatures
  A giant gecko (D:1)
  2 giant cockroaches
  2 hobgoblins (D:1)
  3 bats (D:1)
  A giant newt (D:1)
  A goblin (D:1)
  2 rats (D:1)
12 creatures vanquished.

Notes
Turn   | Place    | Note
--------------------------------------------------------------
     0 | D:1      | MaCx the Gargoyle Wizard began the quest for the Orb.
     0 | D:1      | Reached XP level 1. HP: 10/10 MP: 4/4
   438 | D:1      | Reached XP level 2. HP: 15/15 MP: 4/6
  1287 | D:2      | Noticed Sigmund
  1407 | D:2      | Slain by Sigmund

Action                   || total
-------------------------++-------
Melee: Unarmed           ||    14
Throw: Stone             ||    20
 Cast: Magic Dart        ||    36
  Eat: Chunk             ||     1
Armor: Robe              ||    16
Dodge: Dodged            ||    29
